 Dungeon Crawl Stone Soup version 0.29.1 (webtiles) character file.

Game seed: 13287550844653302547

81 qw the Chopper (level 4, -5/39 HPs)
             Began as a Minotaur Berserker on Sept 13, 2022.
             Was a Follower of Trog.
             Slain by a gnoll
             ... wielding a +0 halberd
              (9 damage)
             ... on level 2 of the Dungeon.
             The game lasted 00:00:27 (1253 turns).

qw the Chopper (Minotaur Berserker)                 Turns: 1253, Time: 00:00:28

Health: -5/39      AC:  8    Str: 23    XL:     4   Next: 20%
Magic:  3/3        EV:  4    Int:  4    God:    Trog [*.....]
Gold:   45         SH: 11    Dex: 10    Spells: 3/3 levels left

rFire   . . .      SeeInvis .   Y - +2 hand axe
rCold   . . .      Faith    .   j - +0 tower shield
rNeg    . . .      Spirit   .   c - +0 chain mail
rPois   .          Reflect  .   (helmet restricted)
rElec   .          Harm     .   (no cloak)
rCorr   .          Rampage  .   (no gloves)
Will    .....                   (no boots)
Stlth   ..........              (no amulet)
HPRegen 0.13/turn               (no ring)
MPRegen 0.08/turn               (no ring)

@: on berserk cooldown, slowed, very slow
A: horns 2, retaliatory headbutt
a: Renounce Religion, Berserk


You were on level 2 of the Dungeon.
You worshipped Trog.
Trog was aware of your devotion.
You visited 1 branch of the dungeon, and saw 2 of its levels.

You collected 45 gold pieces.


Innate Abilities, Weirdness & Mutations

You have a pair of horns on your head.
You reflexively headbutt those who attack you in melee.


   Skills:
 - Level 3.6 Fighting
 - Level 4.9 Axes
 - Level 2.4 Armour
 - Level 2.1 Dodging
 + Level 3.3 Shields


You had 3 spell levels left.
You didn't know any spells.
Your spell library was empty.

Inventory:

Hand Weapons
 i - a +0 club
 Y - a +2 hand axe (weapon)
Armour
 c - a +0 chain mail (worn)
 j - a +0 tower shield (worn)
Potions
 f - a potion of haste

Dungeon Overview and Level Annotations

Branches:
Dungeon (2/15)

Altars:

Shops:
D:1 *


Message History

You slice the gnoll!!
You kill the gnoll!
Trog accepts your kill.
You hit the quokka.
You kill the quokka!
Trog accepts your kill.
Your Shields skill increases to level 2!
You slash the gnoll!
You kill the gnoll!
Trog accepts your kill.
Found a glowing scale mail.
The gnoll shouts!
Items here: %% )).
You feel a strong urge to attack something.
Jessica gestures at you while chanting. You resist with some effort.
You slash Jessica! You headbutt Jessica.
You kill Jessica!
Trog accepts your kill.
Trog appreciates your killing of a magic user.
Your Shields skill increases to level 3!
You have reached level 4!
You feel agile.
Found a stone staircase leading up.
The gnoll hits you from afar with a +0 halberd.
You feel a strong urge to attack something.
You closely miss the gnoll. You block the gnoll's attack.
You closely miss the gnoll.
You are no longer berserk.
You are exhausted.
You feel yourself slow down. The gnoll hits you but does no damage.
You closely miss the gnoll. You block the gnoll's attack. x2
You hit the gnoll.
The gnoll is moderately wounded.
The gnoll hits you but does no damage. You block the gnoll's attack. x2
You hit the gnoll but do no damage.
The gnoll is moderately wounded.
The gnoll hits you with a +0 halberd! x2
You die...

#.....).# ... #.......#
... #.......# ### ....
#.......# #.. .....
#..#.#######).
...#.######.##..####..<.
..........#.###.##......
........).#)....%%...#..
......g@..)%.......#####
.<.................#
.......)....####.#.#
............# #.#.#
............# #.#..
##..#....#..# ......
...[......... ..##...
#+##...##...#.


You could see a gnoll.

Vanquished Creatures
  Jessica (D:2)
  3 gnolls (D:2)
  2 ball pythons (D:1)
  3 bats (D:1)
  An endoplasm (D:1)
  A goblin (D:2)
  4 hobgoblins (D:1)
  2 jackals (D:1)
  3 quokkas
  2 frilled lizards
  4 kobolds (D:1)
  3 rats
29 creatures vanquished.

Vanquished Creatures (others)
  2 plants (D:1)
2 creatures vanquished.

Grand Total: 31 creatures vanquished

Notes
Turn   | Place    | Note
-------+----------+-------------------------------------------
     0 | D:1      | qw the Minotaur Berserker began the quest for the Orb.
     0 | D:1      | Reached XP level 1. HP: 19/19 MP: 0/0
     0 | D:1      | 0 ||| qw: Version: 0.1-a-119-g272c26d
     0 | D:1      | 0 ||| qw: Game counter: 11141
     0 | D:1      | 0 ||| qw: Always use a shield: true
     0 | D:1      | 0 ||| qw: Do Orc after D:15 true
     0 | D:1      | 0 ||| qw: Do second Lair branch before Depths: true
     0 | D:1      | 0 ||| qw: Lair rune preference: random
     0 | D:1      | 0 ||| qw: Plans: Normal
     0 | D:1      | 0 ||| PLANNING D:1-11
   121 | D:1      | Found Atuwimma's General Store.
   130 | D:1      | 130 ||| SHOPLISTING +0 mace (33 gold, have 12).
   130 | D:1      | 130 ||| SHOPLISTING scroll of enchant weapon (82 gold, have
                  | 12).
   130 | D:1      | 130 ||| SHOPLISTING scroll of identify (22 gold, have 12).
   130 | D:1      | 130 ||| SHOPLISTING scroll of teleportation (33 gold, have
                  | 12).
   150 | D:1      | Reached skill level 4 in Axes
   181 | D:1      | Reached XP level 2. HP: 20/26 MP: 1/1
   316 | D:1      | 316 ||| Stepping ~*~*~tactically~*~*~ (stealth).
   322 | D:1      | 322 ||| Stepping ~*~*~tactically~*~*~ (stealth).
  1056 | D:1      | 1056 ||| UPGRADING to +0 chain mail.
  1066 | D:1      | 1066 ||| DROPPING +0 animal skin.
  1067 | D:1      | 1067 ||| UPGRADING to +0 tower shield.
  1072 | D:1      | 1072 ||| READING scroll labelled FOECZIURHI.
  1073 | D:1      | 1073 ||| READING scroll labelled IBLOPUNTED.
  1078 | D:1      | 1078 ||| READING scroll labelled WEYPEH ZASYU.
  1179 | D:1      | 1179 ||| READING 2 scrolls labelled JOGRUCREFE.
  1180 | D:1      | 1180 ||| READING scroll of enchant weapon.
  1180 | D:1      | 1180 ||| ENCHANTING +1 hand axe.
  1181 | D:1      | 1181 ||| READING scroll labelled DIUPRA SURUSS.
  1182 | D:1      | 1182 ||| DRINKING 2 coppery potions.
  1235 | D:2      | 1235 ||| Stepping ~*~*~tactically~*~*~ (stealth).
  1238 | D:2      | 1238 ||| INVOKING Berserk.
  1240 | D:2      | Reached skill level 1 in Shields
  1240 | D:2      | Reached XP level 3. HP: 31/31 MP: 2/2
  1240 | D:2      | Noticed Jessica
  1246 | D:2      | Killed Jessica
  1247 | D:2      | Reached skill level 3 in Shields
  1247 | D:2      | Reached XP level 4. HP: 19/39 MP: 3/3
  1253 | D:2      | HP: 4/39 [gnoll/+0 halberd (9)]
  1253 | D:2      | Slain by a gnoll

Levels and vault maps discovered:
D:1:      dpeg_arrival_oval, layout_basic, serial_shops, shop, serial_forest,
          infiniplex_forest_clump_medium, infiniplex_forest_straight_3,
          infiniplex_forest_pool, infiniplex_forest_corner_1,
          infiniplex_forest_lined_2, infiniplex_forest_corner_1,
          infiniplex_forest_clump_curved, infiniplex_forest_join
D:2:      layout_rooms, minmay_box_of_dots, uniq_jessica

Skill      XL: |  1  2  3 |
---------------+----------+-----
Axes           | 4 |  4.9
Shields        | 1 3 |  3.3
Fighting       | |  3.6
Armour         | |  2.4
Dodging        | |  2.1

Action                   |  1- 3 |  4- 6 || total
-------------------------+-------+-------++-------
Melee: Hand axe          |    47 |     5 ||    52
       Headbutt          |     8 |       ||     8
       Punch             |     1 |       ||     1
Invok: Berserk           |     1 |       ||     1
  Use: Scroll            |     6 |       ||     6
       Potion            |     1 |       ||     1
Armor: Animal skin       |    11 |       ||    11
       Chain mail        |       |     2 ||     2
Dodge: Dodged            |    30 |       ||    30
Block: Tower shield      |       |     5 ||     5

Table legend:
 A = Non-vault XP
 B = Vault XP
 C = Vault XP percentage of total XP
 D = Non-vault monster count
 E = Vault monster count
 F = Vault count percentage of total count
                 A         B        C        D         E       F
            +---------+---------+-------+---------+---------+-------
      Total |      80 |      37 |  31.6 |      28 |       1 |   3.4
            +---------+---------+-------+---------+---------+-------
        D:1 |      33 |       0 |   0.0 |      21 |       0 |   0.0
        D:2 |      47 |      37 |  44.0 |       7 |       1 |  12.5
            +---------+---------+-------+---------+---------+-------
